 Dungeon Crawl Stone Soup version 0.25.1-2-g60ff931df9 (webtiles) character file.

Game seed: 18055954423870623318

53 raphialitos the Shield-Bearer (level 3, -4/33 HPs)
             Began as a Minotaur Fighter on Oct 20, 2020.
             Slain by a centaur (7 damage)
             ... on level 2 of the Dungeon.
             The game lasted 00:01:57 (937 turns).

raphialitos the Shield-Bearer (Minotaur Fighter)     Turns: 937, Time: 00:01:58

Health: -4/33      AC:  7    Str: 21    XL:     3   Next: 62%
Magic:  2/2        EV:  7    Int:  5    God:
Gold:   68         SH:  9    Dex:  9    Spells: 2/2 levels left

rFire    . . .     SeeInvis .   a - +0 long sword
rCold    . . .     Gourm    .   c - +0 kite shield
rNeg     . . .     Faith    .   b - +0 scale mail
rPois    .         Spirit   .   (helmet restricted)
rElec    .         Reflect  .   (no cloak)
rCorr    .         Harm     .   (no gloves)
MR       .....                  (no boots)
Stlth    ..........             (no amulet)
HPRegen  0.11/turn              (no ring)
MPRegen  0.08/turn              (no ring)

@: no status effects
A: retaliatory headbutt, horns 2
a: no special abilities


You were on level 2 of the Dungeon.
You were not hungry.

You visited 1 branch of the dungeon, and saw 2 of its levels.

You collected 68 gold pieces.

Inventory:

Hand Weapons
 a - a +0 long sword (weapon)
 l - a +0 whip of electrocution
Missiles
 h - 16 sling bullets
Armour
 b - a +0 scale mail (worn)
 c - a +0 kite shield (worn)
Jewellery
 j - an uncursed ring of resist corrosion {unknown}
Scrolls
 e - a scroll of random uselessness {unknown}
 m - a scroll of identify
Potions
 d - a potion of might
 i - a potion of stabbing {unknown}
 k - a potion of brilliance
Comestibles
 f - 3 rations
 g - 2 chunks of flesh


   Skills:
 + Level 3.9 Fighting
 + Level 3.0 Long Blades
 + Level 4.3 Armour
 + Level 0.3 Dodging
 + Level 4.4 Shields


You had 2 spell levels left.
You didn't know any spells.
Your spell library was empty.

Dungeon Overview and Level Annotations

Branches:
Dungeon (2/15)

Altars:
Ashenzari


Innate Abilities, Weirdness & Mutations

You reflexively headbutt those who attack you in melee.
You have a pair of horns on your head.


Message History

You block the centaur's attack. The centaur hits you.
* * * LOW HITPOINT WARNING * * *
You hit the centaur but do no damage.
The centaur is moderately wounded.
The centaur hits you.
* * * LOW HITPOINT WARNING * * *
The centaur hits you but does no damage.
Your shield and scale mail prevent you from hitting the centaur.
You headbutt the centaur.
The centaur is heavily wounded.
You block the centaur's attack. The centaur barely misses you.
Okay, then.
Your shield prevents you from hitting the centaur.
The centaur is heavily wounded.
You block the centaur's attack.
The centaur hits you but does no damage.
You hit the centaur. You headbutt the centaur.
The centaur is severely wounded.
You block the centaur's attack. The centaur hits you!
You die...

#.g...)g.........
###.######.>####..#
....# #..####..#
##### #........# .
##...#..... ..
##..##.##.##..
#.(.....# ..
#####.#####.#.#####
#.....)...#@c......
###.....#..(.....#..#
.....##.#(((##.#.#
###...⌠.##+.#.⌠# ..
#....#..)†.....# ...
#.## ##.......## ?.
#. #.......# #
+..._...+ #.........


You could see a centaur.

Vanquished Creatures
  An adder (D:2)
  An ooze (D:1)
  A dart slug (D:1)
  A leopard gecko (D:1)
  A ball python (D:1)
  A giant cockroach (D:2)
  7 goblins
  5 hobgoblins
  2 jackals (D:1)
  4 bats
  4 frilled lizards (D:1)
  3 kobolds (D:1)
  3 rats
34 creatures vanquished.

Notes
Turn   | Place    | Note
-------+----------+-------------------------------------------
     0 | D:1      | raphialitos the Minotaur Fighter began the quest for the
                  | Orb.
     0 | D:1      | Reached XP level 1. HP: 19/19 MP: 0/0
   186 | D:1      | Reached XP level 2. HP: 27/27 MP: 1/1
   631 | D:1      | Reached XP level 3. HP: 33/33 MP: 2/2
   907 | D:2      | Found a shattered altar of Ashenzari.
   926 | D:2      | Noticed a centaur
   937 | D:2      | Slain by a centaur

Illustrated notes

Levels and vault maps discovered:
D:1:      nzn_arrival_settlement, layout_basic, minmay_tetromino_i2
D:2:      layout_loops_ring, evilmike_ruin_ashenzari, uniq_robin, uniq_jessica

Skill      XL: |  1  2  3 |
---------------+----------+-----
Armour         | 4 |  4.3
Shields        | 4 |  4.4
Long Blades    | 3 |  3.0
Fighting       | |  3.9
Dodging        | |  0.3

Action                   || total
-------------------------++-------
Melee: Long sword        ||    82
       Headbutt          ||    10
  Use: Scroll            ||     2
Armor: Scale mail        ||    34
Dodge: Dodged            ||    16
Block: Kite shield       ||    38
       Rpst.: Long sword ||     5
